 Dungeon Crawl Stone Soup version 0.27-a0-156-gbcd94eb011 (webtiles) character file.

Game seed: 5942106584412452002

1047 lunkers the Skirmisher (level 8, -4/74 HPs)
             Began as a Hill Orc Hunter on Jan 27, 2021.
             Was a Follower of Okawaru.
             Shot with an arrow by a centaur (9 damage)
             ... on level 5 of the Dungeon.
             The game lasted 00:09:28 (5675 turns).

lunkers the Skirmisher (Hill Orc Hunter)            Turns: 5675, Time: 00:09:28

Health: -4/74      AC:  8    Str: 17    XL:     8   Next: 25%
Magic:  10/10      EV: 11    Int: 11    God:    Okawaru [*.....]
Gold:   289        SH:  0    Dex: 11    Spells: 7/7 levels left

rFire    . . .     SeeInvis .   s - +1 trident (vamp)
rCold    . . .     Faith    .   (no shield)
rNeg     . . .     Spirit   .   i - +0 ring mail
rPois    .         Reflect  .   t - +0 helmet
rElec    .         Harm     .   (no cloak)
rCorr    .         Rampage  .   (no gloves)
Will     .....                  h - +1 pair of boots
Stlth    +.........             (no amulet)
HPRegen  0.22/turn              (no ring)
MPRegen  0.12/turn              (no ring)

@: lethally poisoned (-4 -> -6)
A: no striking features
a: Renounce Religion, Heroism


You were on level 5 of the Dungeon.
You worshipped Okawaru.
Okawaru was aware of your devotion.
You visited 2 branches of the dungeon, and saw 6 of its levels.

You collected 289 gold pieces.

Inventory:

Hand Weapons
 j - a +0 hunting sling
 s - a +1 vampiric trident (weapon)
Missiles
 c - 5 javelins
 d - a throwing net
 g - 148 stones
 n - 37 sling bullets
 p - 9 poisoned darts (quivered)
Armour
 h - a +1 pair of boots (worn)
 i - a +0 ring mail (worn)
 t - a +0 helmet (worn)
Jewellery
 C - an uncursed amulet of regeneration {unknown}
Wands
 B - a wand of acid (18)
Scrolls
 b - 3 scrolls of enchant weapon {unknown}
 e - 2 scrolls of remove curse {unknown}
 f - 3 scrolls of blinking {unknown}
 o - 3 scrolls of teleportation {unknown}
 r - 2 scrolls of noise {unknown}
 u - a scroll of amnesia {unknown}
 v - 2 scrolls of immolation {unknown}
 w - a scroll of fear {unknown}
 x - a scroll of fog {unknown}
 y - a scroll of random uselessness {unknown}
 A - a scroll of magic mapping {unknown}
Potions
 a - 2 potions of ambrosia
 k - a potion of degeneration {unknown}
 l - 2 potions of mutation
 m - 2 potions of curing
 q - a potion of lignification
 z - 2 potions of heal wounds
 D - a potion of berserk rage {unknown}


   Skills:
 + Level 7.7 Fighting
 + Level 6.7 Throwing
 - Level 1.5 Dodging
 - Level 0.7 Stealth
 + Level 2.8 Invocations
 + Level 2.1 Evocations


You had 7 spell levels left.
You didn't know any spells.
Your spell library contained the following spells:

 Spells                   Type           Power        Failure   Level
 Magic Dart               Conj           0%           54%         1
 Shock                    Conj/Air       0%           54%         1
 Blink                    Tloc           N/A          69%         2
 Call Imp                 Summ           0%           69%         2
 Slow                     Hex            0%           69%         2
 Swiftness                Air            0%           69%         2
 Conjure Flame            Conj/Fire      0%           89%         3
 Mephitic Cloud           Conj/Pois/Air  0%           89%         3
 Static Discharge         Conj/Air       0%           89%         3
 Airstrike                Air            0%           100%        4
 Lightning Bolt           Conj/Air       0%           100%        5


Dungeon Overview and Level Annotations

Branches:
Dungeon (5/15)             Temple (1/1) D:4

Altars:
Ashenzari
Cheibriados
Dithmenos
Elyvilon
Fedhas
Gozag
Hepliaklqana
Kikubaaqudgha
Makhleb
Nemelex Xobeh
Okawaru
Qazlal
Ru
Sif Muna
Trog
Uskayaw
Vehumet
Wu Jian
Xom
Yredelemnul
Zin
The Shining One


Message History

The arrow hits you but does no damage.
The centaur shoots an arrow.
The arrow barely misses you.
Unknown command.
Reach: s) +1 trident (vamp)
Press: ? - help, Dir - move target, f/p - centaur
Aim: a centaur, wielding a +0 shortbow and quivering arrows (heavily wounded)
You reach to attack!
You barely miss the centaur.
The centaur is heavily wounded.
The centaur shoots an arrow.
The arrow hits you.
* * * LOW HITPOINT WARNING * * *
The centaur shoots an arrow.
The arrow hits you.
* * * LOW HITPOINT WARNING * * *
Unknown command.
Reach: s) +1 trident (vamp)
Press: ? - help, Dir - move target, f/p - centaur
Aim: a centaur, wielding a +0 shortbow and quivering arrows (heavily wounded)
You reach to attack!
You barely miss the centaur.
The centaur is heavily wounded.
You feel sick.
The centaur shoots an arrow.
The arrow hits you!
You die...

...c. #...........†
.... #.........(..
#.. #..##..##.###
##.†#+##..##..####
#...'_+..........# .
+...#'#..........#..
##..#.#..###+###..#
#####c...#......###
#..@.#...#).....#
#....#...#......#
#....#...#......#
#....+...'......#
##########......#
########


You could see a centaur.

Vanquished Creatures
  Sigmund (D:2)
  Menkaure (D:4)
  A water moccasin (D:5)
  An ogre (D:5)
  A centaur (D:5)
  A scorpion (D:5)
  A water moccasin skeleton (D:5)
  A quasit (D:5)
  2 orc priests
  An iguana (D:4)
  3 worker ants
  A worker ant zombie (D:3)
  3 gnolls
  8 adders
  A shadow imp (D:5)
  2 oozes (D:4)
  3 dart slugs
  2 leopard geckos
  9 orcs
  7 giant cockroaches
  7 goblins
  10 hobgoblins
  7 jackals
  8 kobolds
  A quokka (D:5)
  A ball python (D:1)
  9 bats
  3 frilled lizards
  8 rats
104 creatures vanquished.

Notes
Turn   | Place    | Note
-------+----------+-------------------------------------------
     0 | D:1      | lunkers the Hill Orc Hunter began the quest for the Orb.
     0 | D:1      | Reached XP level 1. HP: 18/18 MP: 1/1
    41 | D:1      | Reached XP level 2. HP: 20/25 MP: 2/2
    56 | D:1      | Reached skill level 3 in Fighting
   601 | D:1      | Reached XP level 3. HP: 30/31 MP: 3/3
  1368 | D:2      | Found a hazy altar of Hepliaklqana.
  1462 | D:2      | Noticed Sigmund
  1919 | D:2      | Killed Sigmund
  1920 | D:2      | Reached skill level 5 in Fighting
  1920 | D:2      | Reached skill level 5 in Throwing
  1920 | D:2      | Reached XP level 4. HP: 31/42 MP: 4/4
  1920 | D:2      | Reached XP level 5. HP: 36/48 MP: 5/5
  2107 | D:2      | Reached XP level 6. HP: 53/56 MP: 6/6
  3117 | D:4      | Noticed Menkaure
  3375 | D:2      | Reached skill level 6 in Fighting
  3717 | D:4      | Killed Menkaure
  3718 | D:4      | Reached XP level 7. HP: 15/64 MP: 7/7
  4095 | D:4      | Found a staircase to the Ecumenical Temple.
  4118 | Temple   | Entered the Ecumenical Temple
  4123 | Temple   | Became a worshipper of Warmaster Okawaru
  4589 | D:4      | Reached skill level 7 in Fighting
  4862 | D:5      | Entered Level 5 of the Dungeon
  5434 | D:5      | Reached skill level 1 in Invocations
  5434 | D:5      | Reached skill level 1 in Evocations
  5518 | D:5      | Reached XP level 8. HP: 58/73 MP: 9/9
  5647 | D:5      | Found a glowing golden altar of the Shining One.
  5660 | D:5      | Reached * piety under Okawaru
  5675 | D:5      | Shot with an arrow by a centaur

Illustrated notes

Levels and vault maps discovered:
D:1:      psy_arrival_terrarium, layout_basic
D:2:      layout_loops_ring, lemuel_altar_in_water, uniq_sigmund
D:3:      layout_basic, serial_glass, glass_columns_c, glass_columns_a,
          glass_columns_a, grunt_ministairs_13
D:4:      layout_loops_ring, minmay_temple_entry_sparse_star,
          kennysheep_opposing_triangles, uniq_menkaure
D:5:      layout_gridville, kennysheep_mini
Temple:   dpeg_three_leaves_temple

Skill      XL: |  1  2  3  4  5  6  7  8 |
---------------+-------------------------+-----
Fighting       | 3 5 6 7 |  7.7
Throwing       | 4 5 6 |  6.7
Invocations    | 2 |  2.8
Evocations     | 1 2 |  2.1
Dodging        | |  1.5
Stealth        | |  0.7

Action                   |  1- 3 |  4- 6 |  7- 9 || total
-------------------------+-------+-------+-------++-------
Melee: Short sword       |    74 |       |       ||    74
       Trident           |    36 |   100 |   123 ||   259
       Unarmed           |    14 |       |       ||    14
Throw: Javelin           |    28 |     3 |       ||    31
       Dart              |    25 |    32 |    12 ||    69
       Throwing net      |     2 |       |       ||     2
  Use: Scroll            |       |     5 |     2 ||     7
       Potion            |       |     1 |       ||     1
Armor: Leather armour    |    14 |       |       ||    14
       Ring mail         |    29 |    20 |    63 ||   112
Dodge: Dodged            |    69 |    56 |    92 ||   217

Table legend: (Time is in decaauts)
 A = Elapsed time spent in this place.
 B = Non-inter-level travel time spent in this place.
 C = Inter-level travel time spent in this place.
 D = Time resting spent in this place.
 E = Time spent auto-exploring this place.
 F = Levels seen in this place.
 G = Mean time per level.
                   A        B        C        D        E       F      G
               +--------+--------+--------+--------+--------+-----+--------+
         Total |   5749 |   5578 |    171 |   1141 |   3279 |   6 |  958.2 |
       Dungeon |   5662 |   5491 |    171 |   1141 |   3218 |   5 | 1132.4 |
        Temple |     87 |     87 |      0 |      0 |     61 |   1 |   87.0 |
               +--------+--------+--------+--------+--------+-----+--------+

Top non-repeatable levels by time:
     D:1: 1414 daAuts
     D:3: 1263 daAuts
     D:4: 1173 daAuts
     D:2: 976 daAuts
     D:5: 834 daAuts
  Temple: 87 daAuts
